Map: Fracture LE

Players

TIME (Oliveira)

  • Race: Terran Terran
  • Spawn Location: 5:00

Reynor - Winner!

  • Race: Zerg Zerg
  • Spawn Location: 11:00

Event: WCS Montreal 2018

VOD

Have the link to the VOD?

Description

Time

  • Played on: Sept. 9, 2018, 3:50 p.m.
  • Length: 20:15

All games in this series

Show
View Real Time Build Order
Export as new Build Order

TIME Terran 

Build Orders: Gas First Reaper Expand, Reaper Expand, Mech 

Get SALT Encoding   

  12  0:00  SCV  
  13  0:13  SCV  
  14  0:17  Supply Depot  
  14  0:25  SCV  
  14  0:28  Refinery  
  15  0:38  SCV  
  16  0:44  Barracks  
  16  0:50  SCV  
  17  1:03  SCV  
  18  1:15  SCV  
  19  1:31  Orbital Command, Reaper  
  20  1:43  Command Center  
  20  1:53  Factory  
  20  1:58  SCV  
  21  2:05  Refinery  
  21  2:07  Barracks Reactor  
  21  2:10  SCV  
  21  2:15  Supply Depot  
  22  2:22  SCV  
  23  2:36  SCV  
  24  2:45  Starport  
  24  2:46  Widow Mine, Marine x2  
  24  2:49  SCV  
  29  2:55  Orbital Command  
  29  3:01  SCV  
  29  3:04  Marine x2  
  32  3:08  Factory Tech Lab  
  32  3:13  SCV  
  33  3:21  SCV  
  33  3:22  Marine x2  
  33  3:23  Medivac  
  33  3:26  SCV  
  39  3:33  Factory Tech Lab  
  39  3:34  Supply Depot  
  39  3:35  SCV  
  39  3:39  Marine  
  39  3:40  SCV, Marine  
  43  3:51  SCV  
  44  3:57  Command Center  
  44  3:59  Marine  
  45  4:06  Supply Depot, Cloaking Field  
  45  4:09  Banshee  
  48  4:12  SCV x2  
  48  4:14  Marine  
  51  4:20  Siege Tank  
  54  4:28  Marine  
  54  4:30  SCV  
  55  4:32  Marine  
  54  4:44  SCV  
  52  4:45  Marine  
  52  4:49  Command Center  
  52  4:50  Marine  
  52  4:54  Banshee  
  52  4:55  Siege Tank  
  57  5:03  SCV, Marine  
  57  5:04  SCV  
  59  5:07  Supply Depot, Marine  
  59  5:11  Refinery  
  59  5:12  Refinery  
  60  5:15  SCV  
  60  5:18  SCV  
  62  5:22  Supply Depot  
  62  5:28  SCV  
  63  5:35  SCV  
  63  5:39  Banshee  
  66  5:43  Hellion x2  
  66  5:44  SCV  
  66  5:47  SCV  
  72  5:56  SCV  
  73  6:00  Armory, SCV  
  73  6:01  Armory  
  75  6:05  Orbital Command, Hellion x2  
  75  6:07  Supply Depot  
  78  6:15  SCV  
  79  6:23  SCV  
  79  6:25  Banshee  
  79  6:26  Hellion x2  
  77  6:40  SCV  
  77  6:41  SCV  
  77  6:42  Orbital Command  
  78  6:47  Factory, Hellion  
  78  6:48  Factory, Hellion  
  78  6:52  SCV  
  78  6:53  SCV  
  84  6:59  Supply Depot  
  84  7:00  Terran Vehicle And Ship Armor Level 1, Terran Vehicle Weapons Level 1  
  84  7:01  Engineering Bay  
  84  7:04  SCV  
  85  7:09  Hellion x2  
  85  7:11  Banshee, Barracks Reactor  
  85  7:12  SCV  
  85  7:14  SCV  
  94  7:16  SCV  
  95  7:24  SCV  
  95  7:27  SCV  
  91  7:30  Hellion x2  
  91  7:34  Hellion  
  91  7:35  SCV  
  88  7:40  SCV x2  
  88  7:42  Thor  
  90  7:47  SCV  
  82  7:52  SCV x2, Hellion x2  
  84  7:59  SCV  
  84  8:03  Thor  
  84  8:04  SCV, Medivac  
  84  8:05  SCV  
  95  8:06  Medivac  
  95  8:09  Refinery  
  95  8:11  Refinery, SCV  
  98  8:14  Hellion x2  
  98  8:17  SCV x2  
  99  8:23  SCV  
  99  8:29  SCV x2  
  99  8:31  Siege Tank  
  104  8:35  SCV  
  104  8:41  Hellion x2  
  109  8:45  SCV x2  
  109  8:46  Factory  
  109  8:47  Factory  
  109  8:48  SCV  
  112  8:50  Siege Tank  
  111  8:58  SCV  
  107  9:03  Hellion x2  
  107  9:06  Viking x2  
  107  9:07  SCV  
  116  9:11  Siege Tank, SCV x2  
  116  9:15  Terran Vehicle Weapons Level 2, Supply Depot  
  121  9:20  Liberator x2  
  121  9:26  Siege Tank  
  121  9:28  Supply Depot  
  121  9:29  Supply Depot  
  124  9:37  Hellion  
  132  9:38  Supply Depot  
  132  9:39  Factory Reactor  
  132  9:40  Factory Tech Lab  
  132  9:50  Hellion  
  134  9:54  Siege Tank  
  134  9:55  Infernal Pre-Igniter  
  130  10:03  Siege Tank  
  133  10:07  Supply Depot  
  133  10:08  Command Center  
  133  10:10  Siege Tank, Hellion  
  133  10:14  Hellion  
  140  10:25  Hellion x2  
  140  10:26  Siege Tank, SCV  
  140  10:28  Supply Depot  
  148  10:31  Sensor Tower  
  148  10:37  Siege Tank  
  148  10:38  Hellion x2  
  148  10:40  Sensor Tower  
  155  10:43  Hellion  
  157  10:51  Hellion x2  
  161  10:59  Siege Tank  
  161  11:00  SCV  
  161  11:03  Hellion x2  
  169  11:06  Liberator x2  
  169  11:11  Siege Tank  
  167  11:19  Hellion x2  
  174  11:26  Siege Tank  
  174  11:30  Hellion x2  
  174  11:32  SCV  
  176  11:34  SCV  
  176  11:36  Siege Tank, Thor x2  
  180  11:40  Hellion x2  
  180  11:43  Refinery  
  180  11:44  Refinery  
  184  11:49  Terran Vehicle Weapons Level 3  
  184  11:53  Supply Depot  
  184  12:00  Missile Turret  
  184  12:02  Missile Turret  
  184  12:04  Missile Turret  
  184  12:07  Smart Servos  
  184  12:14  Siege Tank  
  187  12:26  Hellion, Viking  
  188  12:32  Planetary Fortress  
  188  12:43  Siege Tank  
  188  12:46  SCV  
  188  12:47  Siege Tank  
  188  12:50  Siege Tank, Hellion  
  179  13:04  Liberator  
  157  13:14  Hellion  
  157  13:15  Siege Tank  
  157  13:19  Siege Tank  
  133  13:21  Hellion x3  
  133  13:22  Siege Tank  
  137  13:28  Terran Vehicle And Ship Armor Level 2  
  137  13:35  Sensor Tower  
  137  13:36  Missile Turret x2  
  137  13:37  Missile Turret  
  137  13:47  Siege Tank  
  140  13:49  Hellion x3  
  140  13:50  Hellion  
  148  13:56  Siege Tank  
  148  13:57  Hellion  
  152  14:04  SCV  
  144  14:10  Hellion  
  144  14:14  Command Center  
  144  14:15  SCV  
  140  14:18  Siege Tank  
  140  14:21  Hellion  
  140  14:23  SCV  
  146  14:29  Hellion  
  148  14:32  Siege Tank  
  154  14:42  Hellion x2  
  156  14:46  Viking  
  152  14:56  Thor  
  155  15:04  Thor  
  152  15:17  Thor  
  144  15:35  Planetary Fortress  
  141  15:40  Sensor Tower  
  141  15:41  Thor  
  149  15:42  Hellion  
  149  15:51  Thor  
  149  15:52  Liberator x2  
  149  15:56  Hellion  
  149  16:01  Hellion  
  145  16:06  Thor  
  152  16:14  Hellion x2  
  156  16:21  Hellion  
  156  16:22  Sensor Tower  
  158  16:35  Thor  
  158  16:39  Thor  
  164  16:45  SCV  
  165  16:49  SCV  
  165  16:50  SCV  
  157  16:57  Hellion x2  
  157  17:01  Thor  
  167  17:10  Missile Turret, Command Center  
  167  17:12  Missile Turret  
  166  17:23  Siege Tank x2  
  161  17:30  Orbital Command  
  161  17:35  Hellion x2  
  134  17:37  SCV  
  134  17:44  Thor  
  137  17:51  SCV x2  
  137  17:55  Siege Tank x2  
  137  17:57  Hellion  
  146  18:00  SCV  
  146  18:03  SCV x2  
  147  18:07  Hellion  
  147  18:12  SCV, Hellion  
  146  18:15  SCV  
  144  18:24  SCV  
  144  18:27  Siege Tank, SCV, Hellion  
  143  18:30  Siege Tank  
  143  18:31  Hellion  
  138  18:42  Refinery, Siege Tank  
  138  18:48  SCV x2  
  142  18:56  Orbital Command  
  142  19:00  SCV  
  136  19:05  Siege Tank  
  136  19:10  Thor x2  
  136  19:12  SCV  
  136  19:14  Siege Tank  
  135  19:24  SCV  
  135  19:27  SCV  
  125  19:36  SCV  
  118  19:39  SCV  
  113  19:46  Hellion  
  113  19:52  Hellion  
Show
View Real Time Build Order
Export as new Build Order

Reynor Zerg - Winner!

Build Orders: Hatch First, Swarm Host 

Get SALT Encoding   

  12  0:01  Drone  
  13  0:13  Overlord  
  13  0:16  Drone  
  14  0:31  Drone x2  
  16  0:50  Hatchery  
  16  0:52  Drone  
  16  0:54  Drone  
  17  1:03  Drone  
  18  1:07  Extractor  
  17  1:14  Spawning Pool  
  17  1:17  Drone  
  17  1:20  Drone  
  18  1:28  Drone  
  19  1:39  Overlord  
  21  2:01  Zergling x4, Queen  
  21  2:02  Zergling x2, Queen  
  26  2:14  Drone  
  26  2:15  Drone  
  28  2:35  Hatchery  
  28  2:36  Hatchery  
  27  2:39  Drone x2  
  27  2:41  Drone  
  29  2:45  Metabolic Boost  
  29  2:52  Queen  
  29  2:56  Drone  
  32  3:00  Overlord  
  32  3:03  Drone  
  33  3:09  Drone x2  
  35  3:15  Drone  
  35  3:18  Overlord  
  35  3:19  Zergling x4  
  38  3:21  Zergling x2  
  38  3:23  Zergling x2  
  40  3:30  Zergling x2  
  40  3:31  Queen  
  40  3:33  Zergling x2  
  44  3:38  Zergling x2  
  44  3:41  Drone  
  46  3:43  Spore Crawler  
  45  3:49  Zergling x4  
  45  3:51  Drone x3  
  50  3:58  Zergling x4  
  50  4:00  Overlord  
  50  4:01  Drone  
  53  4:03  Drone  
  53  4:06  Drone  
  55  4:11  Overlord  
  55  4:15  Evolution Chamber  
  54  4:17  Overlord  
  54  4:23  Drone x2  
  56  4:24  Drone x2  
  56  4:29  Overlord  
  53  4:39  Drone x2  
  53  4:40  Drone x4  
  54  4:47  Zerg Ground Armor Level 1  
  54  4:50  Baneling Nest  
  53  4:56  Extractor  
  53  4:57  Drone  
  51  5:00  Queen  
  51  5:03  Drone x2  
  51  5:05  Drone  
  51  5:06  Drone  
  57  5:08  Drone  
  57  5:09  Drone  
  57  5:12  Spore Crawler  
  58  5:15  Spore Crawler  
  58  5:17  Drone x2  
  58  5:20  Drone  
  60  5:22  Drone x2  
  60  5:24  Evolution Chamber  
  61  5:29  Drone x3  
  61  5:30  Drone  
  61  5:33  Overlord  
  64  5:37  Lair  
  64  5:44  Zergling x6  
  64  5:49  Drone x2  
  69  5:51  Overlord  
  69  5:54  Drone x2  
  69  5:55  Drone  
  72  5:58  Zergling x6  
  72  5:59  Zerg Melee Weapons Level 1  
  75  6:05  Drone x2  
  75  6:06  Drone x2  
  75  6:08  Zergling x4  
  81  6:13  Zergling x4  
  81  6:17  Zergling x12  
  88  6:23  Zergling x2  
  88  6:24  Overlord  
  83  6:33  Zergling x6  
  83  6:34  Zergling x4  
  80  6:40  Drone x2  
  82  6:47  Zergling x6  
  82  6:48  Extractor, Queen  
  82  6:50  Zergling x6  
  87  6:54  Zerg Missile Weapons Level 1  
  87  6:57  Hatchery, Drone x2  
  87  6:58  Drone  
  89  7:04  Roach Warren  
  89  7:05  Extractor, Drone  
  89  7:07  Queen  
  89  7:08  Drone  
  91  7:09  Overseer  
  91  7:11  Overlord  
  91  7:14  Extractor  
  87  7:16  Extractor, Zergling x8  
  87  7:19  Baneling x6  
  87  7:22  Overlord  
  89  7:24  Zergling x2  
  84  7:30  Zergling x6  
  84  7:32  Zergling x4  
  84  7:36  Zergling x2  
  79  7:37  Queen  
  79  7:42  Zergling x2  
  79  7:43  Zergling x2  
  70  7:50  Roach x4  
  70  7:59  Drone x3  
  70  8:00  Infestation Pit  
  70  8:01  Drone  
  73  8:08  Hatchery  
  73  8:09  Roach  
  73  8:11  Roach  
  76  8:14  Roach  
  73  8:21  Roach  
  73  8:25  Roach x4  
  82  8:31  Glial Reconstitution  
  82  8:32  Roach  
  84  8:34  Queen  
  84  8:39  Drone x3  
  89  8:44  Roach x2  
  89  8:45  Ravager  
  94  8:50  Overlord  
  94  8:52  Drone  
  95  8:58  Drone x2  
  95  8:59  Drone  
  95  9:00  Drone x2, Queen  
  102  9:03  Drone x2  
  102  9:05  Roach x3  
  108  9:11  Overlord  
  108  9:16  Drone x2  
  110  9:17  Queen  
  110  9:21  Drone x2  
  110  9:22  Spore Crawler, Drone x2  
  115  9:26  Ravager x4  
  119  9:31  Roach  
  119  9:32  Roach x3  
  119  9:37  Spore Crawler, Drone  
  127  9:41  Zerg Missile Weapons Level 2  
  127  9:45  Drone  
  128  9:49  Overlord  
  128  9:51  Overlord  
  126  9:56  Drone x2  
  127  10:08  Drone x2  
  127  10:09  Drone x2, Swarm Host  
  127  10:10  Swarm Host x3  
  127  10:12  Overlord x2  
  127  10:13  Overlord  
  143  10:21  Overlord  
  143  10:24  Overlord  
  143  10:31  Swarm Host x4  
  143  10:32  Swarm Host  
  155  10:36  Swarm Host  
  158  10:43  Roach x4  
  158  10:44  Roach  
  158  10:45  Ravager x4  
  158  10:46  Drone x3  
  158  10:48  Overlord x2  
  158  10:49  Overlord  
  175  10:50  Overlord  
  175  10:59  Overlord  
  175  11:09  Swarm Host x4  
  184  11:20  Drone x4  
  184  11:21  Drone x6  
  193  11:26  Roach x2  
  193  11:29  Roach x3  
  193  11:31  Drone x2  
  200  11:33  Zerg Ground Armor Level 2  
  200  11:39  Overlord  
  200  11:42  Extractor  
  200  11:43  Overseer  
  199  11:57  Spine Crawler x3  
  199  11:58  Spine Crawler  
  199  11:59  Ravager x4  
  199  12:01  Drone  
  200  12:17  Hatchery  
  187  12:50  Roach x10  
  198  13:08  Roach  
  198  13:09  Roach  
  190  13:18  Roach x5  
  190  13:19  Roach x2  
  195  13:24  Roach x2  
  195  13:25  Roach x6  
  197  13:31  Ravager x3  
  200  13:46  Ravager x2  
  200  13:49  Hive  
  200  13:51  Spire  
  199  14:16  Ravager x3  
  200  14:30  Overseer  
  195  14:48  Drone x10  
  195  14:49  Drone x2  
  188  15:14  Greater Spire  
  183  15:24  Roach x10  
  190  15:37  Ravager x4  
  190  15:40  Zerg Missile Weapons Level 3, Zerg Ground Armor Level 3  
  192  15:48  Roach x4  
  198  15:57  Queen  
  180  16:06  Roach x10  
  200  16:20  Hatchery, Extractor  
  198  16:28  Zerg Flyer Weapons Level 1  
  189  16:52  Roach x10  
  189  16:53  Roach x3  
  192  17:06  Tunneling Claws  
  192  17:10  Queen  
  192  17:12  Burrow  
  194  17:16  Ravager x2  
  196  17:27  Roach x2  
  196  17:28  Roach x4  
  198  17:32  Roach x3  
  196  17:48  Swarm Host x4  
  190  18:15  Drone x10  
  200  18:31  Roach x2  
  200  18:35  Spine Crawler x2  
  200  18:36  Spine Crawler  
  200  18:39  Ravager x4  
  199  18:44  Roach  
  191  18:56  Roach x8  
  190  19:26  Ravager x10  
  200  19:35  Roach x4  
  193  19:44  Roach x5  
  193  19:45  Roach x4  
  200  19:51  Roach x6  
  197  19:53  Roach  
Tags
 
Add a new tag
Caveats
  • Supply blocks, unpowered buildings, or Contaminate may cause inaccurate times.
  • Supply counts are checked every 10 seconds.